[Event "35th Roquetas Festival 2024"]
[Site "Roquetas de Mar"]
[Date "2024.01.04"]
[Round "5.6"]
[White "Peng, Li Min"]
[Black "Del Prado Rodriguez, Xulio"]
[Result "1/2-1/2"]
[ECO "D31"]
[WhiteElo "2575"]
[BlackElo "2294"]
[Annotator "TA"]
[PlyCount "155"]
[EventDate "2024.01.02"]
[EventType "swiss"]
[EventCountry "ESP"]
[SourceTitle "playchess.com"]
[Source "ChessBase"]
[SourceQuality "1"]
[TimeControl "5400+30"]

1. d4 d5 2. c4 e6 3. Nc3 h6 4. cxd5 exd5 5. Bf4 Nf6 6. e3 {[%emt 0:00:11] D31: Queen's Gambit Declined: Semi-Slav without ...Nf6 (+ Marshall Gambit and Noteboom) and Exchange Variation lines without ...Nf6.} Bd6 7. Bxd6 Qxd6 8. Rc1 {[%emt 0:00:13] White has an edge.} a6 {[%emt 0:05:00] Prevents Nb5} 9. Bd3 O-O 10. Nge2 b6 {[%emt 0:00:08] [#]} 11. Ng3 $146 ({Predecessor:} 11. Bb1 Rd8 12. h3 Nbd7 13. O-O Nf8 14. Ng3 Ra7 15. Qb3 Be6 16. Rfd1 Qd7 17. Rd2 Ng6 18. Qd1 Nh4 19. Nh5 Nxh5 20. Qxh5 Nf5 21. e4 Ne7 {0-1 Barath,K (2020)-Nurgali,N (2192) Paracin op 16th 2023 (5)}) 11... c5 12. dxc5 bxc5 13. Na4 Nbd7 $1 (13... c4 14. Rxc4 Rd8 15. Rc2 $14) 14. Nf5 Qe5 15. f4 (15. Nxc5 $2 Nxc5 16. Nxh6+ gxh6 $19) (15. O-O $11 {remains equal.}) 15... Qe6 $1 $17 16. Nxc5 Nxc5 17. Rxc5 {[%emt 0:00:04] [#]} Re8 $1 18. Qc1 (18. Qc2 $17 {was worth a try.} Bd7 19. O-O) 18... Ne4 $19 19. Bxe4 Qxe4 20. Ng3 Qxg2 (20... Qxe3+ 21. Qxe3 Rxe3+ 22. Kd2 $11) (20... Qxf4 21. Ne2 Qg4 22. Kf2 $17) 21. Qd2 Qf3 22. Rc3 Qxf4 23. Rf1 Qg5 24. Qd4 Bh3 25. Rf4 Rac8 26. Kd2 (26. Kd1 $142) 26... Rxc3 27. Qxc3 Rc8 {[%emt 0:01:53] Repels Qc7} 28. Qd3 Qe5 29. Rd4 (29. Qd4 $142 Qd6 30. Qd3) 29... Qc7 {[%emt 0:00:41] ...Qc1+ is the strong threat.} 30. Qc3 {[%emt 0:01:28] Inhibits Qc1+.} Qb6 31. Qb3 Qa5+ 32. Ke2 Rc1 33. Kf3 Be6 34. Rb4 g6 35. a3 $2 {[%emt 0:01:53] White is weak on the light squares} (35. Rb8+ Kg7 36. Qb4 Qxb4 37. Rxb4) 35... d4 36. Rb8+ (36. Qd3 $142 h5 37. Qxd4 (37. Rb8+ $2 Kh7 $19) 37... Bg4+ 38. Kg2 Rc2+ 39. Kg1) 36... Kg7 $2 (36... Kh7 37. Qd3 Qe5) 37. Qb6 (37. Qb4 Qxb4 38. Rxb4) 37... Qd5+ 38. e4 Qc4 39. Kf4 d3 40. Qd6 (40. Rd8 $142 Rb1 41. Qd4+ Qxd4 42. Rxd4) 40... Qc7 41. Qxc7 Rxc7 {[%emt 0:00:12][%mdl 4096] Endgame KRB-KRN} 42. Ke3 Rc2 43. Nf1 Re2+ 44. Kxd3 Rf2 45. Nd2 Rxh2 46. Rb6 Bd7 47. Ke3 Bb5 48. Rd6 h5 49. e5 h4 50. Nf3 Re2+ (50... Rxb2 $2 {is the wrong capture.} 51. Nxh4 Rb3+ 52. Kf4 $19) 51. Kf4 h3 (51... Rxb2 $2 {perishes.} 52. Nxh4 Rf2+ 53. Ke4 $19) 52. Kg3 Rxb2 {[%emt 0:00:07] White must now prevent ...Rb3.} 53. Kxh3 Rb3 54. Kg2 Rxa3 55. e6 (55. Kf2 $142) 55... fxe6 56. Rxe6 Bc4 57. Re5 a5 58. Rc5 Bd3 {[%emt 0:00:16] Threatens to win with ...Be4.} 59. Kf2 a4 {[%emt 0:00:06] ...Ra1 would be deadly.} 60. Ra5 Be4 61. Nd4 Ra1 62. Ke3 {[%emt 0:00:19] [#]} Bf5 $2 63. Nxf5+ $11 {[%emt 0:00:57] The position is equal.} gxf5 64. Rxf5 {[%emt 0:00:03] KR-KR} a3 65. Rf2 a2 {[%emt 0:01:18] Strongly threatening ...Re1+.} 66. Kf3 Kf6 67. Kg2+ Ke5 68. Kf3 Kd4 69. Kf4 $1 Kc3 70. Rf3+ Kd4 71. Rf2 Kd3 72. Kf3 $1 Kc3 {[%emt 0:00:33] aiming for ...Kb3.} 73. Kf4 Kc4 74. Kf5 Kb3 75. Rf3+ Kb2 76. Rf2+ Kb3 77. Rf3+ Kb2 78. Rf2+ {[%emt 0:00:04] Black had all chances to win.   Weighted Error Value: White=0.60/Black=0.46} 1/2-1/2

[Event "35th Roquetas Festival 2024"]
[Site "Roquetas de Mar"]
[Date "2024.01.04"]
[Round "5.7"]
[White "Fernandez, Daniel Howard"]
[Black "Schenderowitsch, Michael"]
[Result "1/2-1/2"]
[ECO "A05"]
[WhiteElo "2525"]
[BlackElo "2281"]
[Annotator "TA"]
[PlyCount "167"]
[EventDate "2024.01.02"]
[EventType "swiss"]
[EventCountry "ESP"]
[SourceTitle "playchess.com"]
[Source "ChessBase"]
[SourceQuality "1"]
[TimeControl "5400+30"]

1. Nf3 Nf6 2. c4 e6 3. g3 a6 4. Nc3 d5 5. cxd5 exd5 6. Bg2 {[%emt 0:00:04] A13: English Opening: 1...e6.} Be7 7. O-O O-O 8. d3 d4 9. Ne4 Nc6 {[%cal Bb8c6,Bc6b4,Bb4a2][%mdl 32] [#]} 10. b3 $146 ({Predecessor:} 10. Nxf6+ Bxf6 11. Nd2 Be6 12. b3 Bd5 13. Bh3 Re8 14. Ba3 Be7 15. Bb2 Bc5 16. a3 {½-½ Moor,R (2337)-Lehtivaara,P (2360) SUI-chT Switzerland 2009 (2.5)}) 10... Nd5 11. Bb2 f5 12. Ned2 Bf6 13. Rc1 Ncb4 14. Nxd4 Nxa2 15. Rc5 Ndc3 16. Bxc3 Nxc3 {[%emt 0:00:06][%mdl 64] [#] Remove Defender} (16... Bxd4 $2 17. Bxd4 Qxd4 18. Rc4 $18 (18. Rxc7 Nc3 $16)) 17. Rxc3 Bxd4 18. Rc1 c6 19. e3 Bb2 20. Rc2 Bf6 21. d4 Be6 22. b4 a5 (22... g6 $11) 23. bxa5 $14 Rxa5 24. Nc4 Rb5 25. Qe2 Qe7 26. Ra1 Rd8 27. Rcc1 Qb4 28. Bf1 Qe7 29. Nb2 Bd5 30. Nd3 Qe4 {[%emt 0:04:51][%csl Gd5][%cal Re4h1] [#]} 31. f3 $1 Qe7 ({Much less strong is} 31... Qxf3 32. Qxf3 Bxf3 33. Ne1 $14) 32. Nf4 Bf7 33. Ng2 Rb3 34. Rcb1 c5 35. Rxb3 Bxb3 36. Qb5 Bf7 {[%emt 0:01:28] The position is equal.} 37. Ra7 cxd4 {[%emt 0:00:51] Strongly threatening ...Bd5.} 38. Rxb7 Qe5 {[%emt 0:03:05] Threatens to win with ...Qxb5.} 39. Bc4 Qxb5 40. Bxf7+ Kf8 41. Rxb5 {[%emt 0:00:10] Bb3 would be deadly.} Kxf7 $11 {[%emt 0:00:02][%mdl 4096] Endgame KRB-KRN} 42. Kf1 g6 43. Rb7+ Kg8 44. exd4 Bxd4 45. h4 Be5 46. f4 Bf6 47. Ne1 {[%emt 0:00:33] Inhibits Rd3.} Rd2 48. Nf3 {[%emt 0:00:07] Dodges Bd4} Ra2 49. h5 Ra3 50. Kg2 Ra2+ 51. Kh3 Ra3 52. Nh4 Bxh4 (52... Ra6 {is interesting.} 53. hxg6 Bxh4 54. gxh7+ Kh8) 53. Kxh4 {[%emt 0:00:02] KR-KR} Rc3 54. h6 Rc8 55. Kg5 Rf8 56. Rc7 Kh8 57. Rg7 Ra8 58. Kf6 Ra6+ 59. Ke5 Ra5+ 60. Kd6 Ra6+ 61. Kc5 Ra1 62. Rb7 Ra8 {[%emt 0:00:28] Repels Rb8+} 63. Kd6 Kg8 64. Rg7+ Kh8 65. Rd7 Kg8 66. Ke7 Rf8 67. Ke6 Ra8 68. Rd6 Re8+ 69. Kf6 Rf8+ 70. Ke7 Rf7+ 71. Ke6 Rf8 72. Rd1 Re8+ 73. Kf6 Rf8+ 74. Kg5 Ra8 75. g4 fxg4 76. Kxg4 Ra7 77. Rd8+ Kf7 78. Rh8 $1 Kf6 79. Kf3 Re7 80. Rf8+ Rf7 81. Ra8 Re7 82. Kg4 Rb7 83. Ra6+ Kf7 84. Rc6 {[%emt 0:01:34] Weighted Error Value: White=0.03 (flawless) /Black=0.04 (flawless)} 1/2-1/2

[Event "35th Roquetas Festival 2024"]
[Site "Roquetas de Mar"]
[Date "2024.01.04"]
[Round "5.8"]
[White "Iglesias Ferreira, Andres"]
[Black "Espinosa Aranda, Angel"]
[Result "0-1"]
[ECO "B56"]
[WhiteElo "2278"]
[BlackElo "2431"]
[Annotator "RC"]
[PlyCount "54"]
[EventDate "2024.01.02"]
[EventType "swiss"]
[EventCountry "ESP"]
[SourceTitle "playchess.com"]
[Source "ChessBase"]
[SourceQuality "1"]
[TimeControl "5400+30"]

1. e4 c5 2. Nf3 d6 3. d4 cxd4 4. Nxd4 Nf6 5. Nc3 Bd7 6. Bg5 e6 7. Qd2 a6 8. O-O-O h6 9. Bh4 Nxe4 10. Qf4 Ng5 11. Qg3 Be7 12. f4 O-O 13. fxg5 hxg5 14. Qf3 e5 15. Bg3 exd4 16. Rxd4 Nc6 17. Rd1 Be6 18. Bd3 g4 19. Qe4 g6 20. Qe2 Re8 21. Qd2 Ne5 22. Kb1 Rc8 23. Rhe1 Bg5 24. Qf2 Rxc3 25. Bxe5 Qa5 26. Bf4 Rxd3 27. cxd3 Bxa2+ 0-1

[Event "35th Roquetas Festival 2024"]
[Site "Roquetas de Mar"]
[Date "2024.01.04"]
[Round "5.9"]
[White "Fiorito, Joaquin"]
[Black "Garijo Perez, Hugo"]
[Result "1-0"]
[ECO "A80"]
[WhiteElo "2401"]
[BlackElo "2270"]
[Annotator "RC"]
[PlyCount "49"]
[EventDate "2024.01.02"]
[EventType "swiss"]
[EventCountry "ESP"]
[SourceTitle "playchess.com"]
[Source "ChessBase"]
[SourceQuality "1"]
[TimeControl "5400+30"]

1. d4 f5 2. Bg5 Nf6 3. e3 Ne4 4. Bf4 d6 5. Nf3 g6 6. Bc4 Bg7 7. Nbd2 e6 8. h3 O-O 9. Qe2 a6 10. Nxe4 fxe4 11. Nd2 d5 12. Bb3 c5 13. dxc5 Bxb2 14. Rd1 Nc6 15. Bd6 Re8 16. O-O b5 17. f3 Be5 18. fxe4 Bxd6 19. cxd6 d4 20. Nf3 Qxd6 21. exd4 Bb7 22. Ng5 Rad8 23. Nxe6 Rxe6 24. Bxe6+ Qxe6 25. d5 1-0

[Event "35th Roquetas Festival 2024"]
[Site "Roquetas de Mar"]
[Date "2024.01.04"]
[Round "5.10"]
[White "Revaliente Montoya, Ciro"]
[Black "Stremavicius, Pijus"]
[Result "0-1"]
[ECO "B35"]
[WhiteElo "2263"]
[BlackElo "2393"]
[Annotator "RC"]
[PlyCount "84"]
[EventDate "2024.01.02"]
[EventType "swiss"]
[EventCountry "ESP"]
[SourceTitle "playchess.com"]
[Source "ChessBase"]
[SourceQuality "1"]
[TimeControl "5400+30"]

1. e4 c5 2. Nf3 Nc6 3. d4 cxd4 4. Nxd4 g6 5. Nc3 Bg7 6. Be3 Nf6 7. Bc4 O-O 8. Bb3 a6 9. f3 Qc7 10. Qd2 b5 11. O-O-O Bb7 12. h4 h5 13. g4 e6 14. g5 Ne8 15. Nde2 d6 16. f4 Na5 17. Qd3 Rc8 18. f5 exf5 19. exf5 Bxh1 20. Rxh1 Nxb3+ 21. axb3 Be5 22. Nd5 Qb7 23. Rg1 Ng7 24. Nf6+ Kh8 25. fxg6 Qf3 26. Nd4 Bxd4 27. Qxd4 fxg6 28. Nd5 Rfe8 29. Bd2 Re5 30. Nf4 Kh7 31. Qxd6 Qe4 32. c3 Rc6 33. Qd7 Re7 34. Qd8 Re8 35. Qd7 Rc5 36. Qa7 Rf5 37. Rf1 Qc6 38. Rf2 Ref8 39. Be3 R8f7 40. Qb8 Ne6 41. Nxe6 Qxe6 42. Re2 Re5 0-1

[Event "35th Roquetas Festival 2024"]
[Site "Roquetas de Mar"]
[Date "2024.01.04"]
[Round "5.11"]
[White "Bernal Moro, Luis Javier"]
[Black "Korneev Leskova, Svyatoslav"]
[Result "1/2-1/2"]
[ECO "A06"]
[WhiteElo "2370"]
[BlackElo "2248"]
[Annotator "RC"]
[PlyCount "166"]
[EventDate "2024.01.02"]
[EventType "swiss"]
[EventCountry "ESP"]
[SourceTitle "playchess.com"]
[Source "ChessBase"]
[SourceQuality "1"]
[TimeControl "5400+30"]

1. Nf3 d5 2. g3 Nf6 3. Bg2 e6 4. O-O Bd6 5. c4 O-O 6. d4 h6 7. Nc3 Nc6 8. b3 b6 9. e3 Bb7 10. Bb2 Re8 11. Rc1 a6 12. Qe2 Qe7 13. Rfd1 Ba3 14. Bxa3 Qxa3 15. Ne5 Qd6 16. Nd3 Qf8 17. cxd5 exd5 18. Qb2 Qd6 19. b4 Nd8 20. Rc2 Ne6 21. Rdc1 Re7 22. a4 Rae8 23. b5 a5 24. Ne5 Rd8 25. Qb3 Ne8 26. Nc6 Bxc6 27. bxc6 Nf6 28. Nb5 Qb4 29. Qxb4 axb4 30. Rb1 g5 31. Rxb4 Ree8 32. h3 h5 33. Bf1 g4 34. h4 Ne4 35. Bd3 Nd6 36. Nc3 Nc8 37. Rb5 Ne7 38. a5 bxa5 39. Rxa5 Nxc6 40. Rxd5 Nb4 41. Rxd8 Rxd8 42. Rd2 Kg7 43. Bc4 c5 44. d5 Nf8 45. Ne4 Nd7 46. Kg2 Ne5 47. Be2 Nxd5 48. Rc2 c4 49. Bxc4 Rc8 50. Bb3 Rxc2 51. Bxc2 Nf6 52. Nd6 Nf3 53. Kf1 Nd7 54. Nf5+ Kf6 55. Ke2 Ng1+ 56. Kd1 Nc5 57. Nd6 Kg7 58. Ne8+ Kh6 59. Nf6 Nf3 60. Ke2 Ng1+ 61. Kd2 Nf3+ 62. Kd1 Ne5 63. Nd5 Ncd7 64. Nf4 Nf6 65. Bf5 Kg7 66. Ke2 Kf8 67. Bc8 Ke7 68. Bb7 Ng6 69. Nxg6+ fxg6 70. f4 gxf3+ 71. Kxf3 Nd7 72. Kf4 Kf6 73. Bd5 Ne5 74. Be4 Nc4 75. Bd3 Ne5 76. Bb5 Nf7 77. Be2 Nd6 78. Bd3 Nf7 79. Ke4 Ne5 80. Bb5 Ng4 81. Be2 Ne5 82. Kf4 Nf7 83. g4 hxg4 1/2-1/2

[Event "35th Roquetas Festival 2024"]
[Site "Roquetas de Mar"]
[Date "2024.01.04"]
[Round "5.12"]
[White "Vingris, Mikelis"]
[Black "Fiorito, Francisco"]
[Result "0-1"]
[ECO "C10"]
[WhiteElo "2248"]
[BlackElo "2370"]
[Annotator "RC"]
[PlyCount "122"]
[EventDate "2024.01.02"]
[EventType "swiss"]
[EventCountry "ESP"]
[SourceTitle "playchess.com"]
[Source "ChessBase"]
[SourceQuality "1"]
[TimeControl "5400+30"]

1. e4 e6 2. d4 d5 3. Nc3 dxe4 4. Nxe4 Nd7 5. Nf3 Ngf6 6. Bd3 Nxe4 7. Bxe4 Nf6 8. Bd3 c5 9. dxc5 Bxc5 10. O-O O-O 11. Qe2 b6 12. Bg5 Bb7 13. Rad1 Qc7 14. Ne5 Rfd8 15. Ng4 Qc6 16. Ne3 Kh8 17. f3 Qc7 18. Kh1 Qe5 19. Bxf6 Qxf6 20. c3 Qf4 21. Nc4 Rac8 22. Qe5 Qh4 23. Be4 Ba6 24. b3 Qf2 25. Qg3 Rxd1 26. Qxf2 Bxf2 27. Rxd1 Bxc4 28. bxc4 g6 29. Bd3 Bh4 30. Be2 Rc7 31. Kg1 Bf6 32. Rc1 Rd7 33. Rc2 Bg5 34. Kf2 f5 35. Ke1 e5 36. Bf1 e4 37. fxe4 fxe4 38. g3 h5 39. h3 Kg7 40. Re2 e3 41. Bg2 h4 42. g4 Kf6 43. Bd5 Ke5 44. Kf1 Rd8 45. Kg2 Bf4 46. a4 Rf8 47. Rb2 Bg3 48. Bf3 Be1 49. Rc2 Rd8 50. Bd5 Bd2 51. Bf3 Kf4 52. Be2 Rf8 53. Bd3 Rd8 54. Be2 Rd6 55. Rb2 Bxc3 56. Rc2 Bb4 57. Rb2 Bc5 58. Ra2 Ke4 59. Bf3+ Kd3 60. Bd5 e2 61. Ra1 Bb4 0-1

[Event "35th Roquetas Festival 2024"]
[Site "Roquetas de Mar"]
[Date "2024.01.04"]
[Round "5.13"]
[White "Habans Aguerrea, Javier"]
[Black "Gomez Arce, Alejandro"]
[Result "1-0"]
[ECO "A13"]
[WhiteElo "2368"]
[BlackElo "2074"]
[Annotator "RC"]
[PlyCount "53"]
[EventDate "2024.01.02"]
[EventType "swiss"]
[EventCountry "ESP"]
[SourceTitle "playchess.com"]
[Source "ChessBase"]
[SourceQuality "1"]
[TimeControl "5400+30"]

1. c4 e6 2. g3 d5 3. Bg2 a6 4. d4 dxc4 5. Nd2 c5 6. Nxc4 cxd4 7. Nf3 Nc6 8. O-O Bc5 9. a3 Nge7 10. b4 Ba7 11. e3 O-O 12. exd4 Nxd4 13. Bb2 Nxf3+ 14. Qxf3 Nd5 15. Qg4 f6 16. Rfe1 Bd7 17. Qh5 Rc8 18. Rac1 Bb5 19. Rxe6 Rxc4 20. Bxd5 Rxc1+ 21. Bxc1 Kh8 22. Bf4 f5 23. Rh6 gxh6 24. Be5+ Rf6 25. Qf7 Bxf2+ 26. Kxf2 Qb6+ 27. Kg2 1-0

[Event "35th Roquetas Festival 2024"]
[Site "Roquetas de Mar"]
[Date "2024.01.04"]
[Round "5.14"]
[White "Romero Calduch, Sergio"]
[Black "Garcia Fernandez, Victor"]
[Result "0-1"]
[ECO "D37"]
[WhiteElo "2208"]
[BlackElo "2366"]
[Annotator "RC"]
[PlyCount "103"]
[EventDate "2024.01.02"]
[EventType "swiss"]
[EventCountry "ESP"]
[SourceTitle "playchess.com"]
[Source "ChessBase"]
[SourceQuality "1"]
[TimeControl "5400+30"]

1. d4 Nf6 2. c4 e6 3. Nf3 d5 4. Nc3 dxc4 5. e3 a6 6. a4 c5 7. Bxc4 b6 8. d5 exd5 9. Nxd5 Be6 10. e4 Bxd5 11. exd5 Bd6 12. O-O O-O 13. Re1 Nbd7 14. h3 Qc7 15. Ra3 Qb7 16. Rb3 Rfe8 17. Rxe8+ Nxe8 18. Qe2 Nc7 19. Ng5 Nf6 20. Rf3 Re8 21. Re3 Rxe3 22. fxe3 b5 23. Ba2 h6 24. e4 hxg5 25. e5 c4 26. exf6 gxf6 27. axb5 axb5 28. b3 c3 29. b4 Nxd5 30. Kh1 Qe7 31. Qxe7 Nxe7 32. Bb1 Nd5 33. Bd3 Nxb4 34. Bxb5 Bf4 35. Ba3 c2 36. g4 c1=Q+ 37. Bxc1 Bxc1 38. Kg2 Nd5 39. Bc6 Nf4+ 40. Kg3 Bd2 41. Ba4 Be1+ 42. Kh2 Kf8 43. Bb3 Ke7 44. Ba2 Ne6 45. Kg2 Kd6 46. Kf3 Ke5 47. Bc4 Nf4 48. Bxf7 Nxh3 49. Bb3 Nf4 50. Ba4 Ng6 51. Kg2 Nh4+ 52. Kh3 0-1

[Event "35th Roquetas Festival 2024"]
[Site "Roquetas de Mar"]
[Date "2024.01.04"]
[Round "5.15"]
[White "Shamatava, Nikolozi"]
[Black "Macak, Stefan"]
[Result "1/2-1/2"]
[ECO "D30"]
[WhiteElo "2088"]
[BlackElo "2354"]
[Annotator "RC"]
[PlyCount "73"]
[EventDate "2024.01.02"]
[EventType "swiss"]
[EventCountry "ESP"]
[SourceTitle "playchess.com"]
[Source "ChessBase"]
[SourceQuality "1"]
[TimeControl "5400+30"]

1. d4 d5 2. c4 e6 3. Nf3 a6 4. cxd5 exd5 5. Nc3 Nf6 6. Bg5 Be6 7. e3 c6 8. Bd3 Bd6 9. Qb3 b5 10. Qc2 h6 11. Bh4 O-O 12. O-O Nbd7 13. e4 dxe4 14. Nxe4 Be7 15. Ne5 Nxe5 16. dxe5 Nxe4 17. Bxe7 Qxe7 18. Bxe4 Rac8 19. Rfe1 Qd8 20. Rf1 Qe7 21. f4 f6 22. b3 fxe5 23. fxe5 Rxf1+ 24. Rxf1 c5 25. Qc3 b4 26. Qg3 Qg5 27. Qe1 Re8 28. Rf3 Kh8 29. Re3 c4 30. bxc4 Bxc4 31. Bb1 Rf8 32. Bd3 Bxd3 33. Rxd3 a5 34. h3 Re8 35. Rd5 Rc8 36. Rd2 Re8 37. Qc1 1/2-1/2

[Event "35th Roquetas Festival 2024"]
[Site "Roquetas de Mar"]
[Date "2024.01.04"]
[Round "5.16"]
[White "Cuenca Jimenez, Jose Fernando"]
[Black "Bravo De La Vega, Alvaro"]
[Result "1/2-1/2"]
[ECO "A45"]
[WhiteElo "2514"]
[BlackElo "2121"]
[Annotator "TA"]
[PlyCount "79"]
[EventDate "2024.01.02"]
[EventType "swiss"]
[EventCountry "ESP"]
[SourceTitle "playchess.com"]
[Source "ChessBase"]
[SourceQuality "1"]
[TimeControl "5400+30"]

1. d4 Nf6 2. Bf4 g6 3. Nc3 d5 4. e3 Bg7 5. h4 h5 6. Nf3 {[%emt 0:00:08] A45: Trompowsky Attack.} (6. Nb5 $5 Na6 $8 7. Nc3 $11) 6... O-O 7. Nb5 Na6 8. Be2 {[%emt 0:00:12] The position is equal.} Bg4 {[%emt 0:07:18] [#]} 9. O-O $146 ({Predecessor:} 9. Ne5 Bxe2 10. Qxe2 c6 11. Nc3 c5 12. O-O-O Rc8 13. g4 cxd4 14. exd4 Rxc3 15. bxc3 {1-0 Bortnyk,O (2604)-Gallana,M (2274) Titled Tuesday intern op 26th Jul Late blitz 2022 (5)}) 9... c6 {[%emt 0:02:45] And now ...Bxf3 would win.} 10. Nc3 Nb8 11. Ne5 Bxe2 12. Qxe2 Nbd7 13. Rad1 e6 14. Nf3 Qb6 15. Rb1 Ng4 16. Bg3 c5 17. Qd1 Nh6 18. Ne2 Nf5 19. Bf4 Bf6 20. Bg5 Bxg5 21. hxg5 Nd6 22. Nf4 (22. c3 $15) 22... Ne4 23. c3 Qd8 24. Nh3 c4 25. Kh1 b5 26. Qc2 Qe7 27. b3 cxb3 28. Rxb3 a6 29. a4 bxa4 30. Rb7 Rab8 ({Black should try} 30... Nd6 $19 31. Rb4 a5 32. Rxa4 Nb6) 31. Ra7 $15 Ra8 32. Rxa8 (32. Rb7 $11) 32... Rxa8 $17 33. Qxa4 (33. Rb1 $17 {might work better.}) 33... Qd6 (33... Nxc3 34. Qc6 $18) 34. Qb4 (34. Ra1 $17 {was worth a try.}) 34... Rc8 (34... a5 $19 35. Qxd6 Nxd6) 35. Ra1 Rc6 $36 {[%emt 0:01:31][%mdl 2048] Black has strong initiative.} ({Much weaker is} 35... Rxc3 $6 36. Qxd6 Nxd6 37. Rxa6 $11) 36. Ra3 Qc7 37. Qe7 Qd6 (37... Rxc3 $2 38. Rxc3 Qxc3 39. Qxd7 $18) ({And not} 37... Nxc3 38. Rxa6 Rxa6 39. Ne5 Ra1+ 40. Ng1 $11) (37... Rb6 $19 {is more deadly. aiming for ...Rb1+.} 38. Ra1 Qxc3 39. Qd8+ Kg7) 38. Qd8+ {[%emt 0:02:24] [#]} (38. Qxd6 $142 Nxd6 39. Ra1) 38... Kg7 $1 39. Rb3 {[%emt 0:01:54] [#]} (39. Ra1 $17) 39... Rb6 $1 $19 ({Don't play} 39... Rxc3 40. Rxc3 Nxc3 41. Ne5 $18) 40. Rxb6 {[%emt 0:03:01] Weighted Error Value: White=0.29 (precise) /Black=0.20 (precise)} 1/2-1/2

[Event "35th Roquetas Festival 2024"]
[Site "Roquetas de Mar"]
[Date "2024.01.04"]
[Round "5.17"]
[White "Rodriguez Garcia, Manuel Francisco"]
[Black "Camacho Collados, Jose"]
[Result "0-1"]
[ECO "A13"]
[WhiteElo "2130"]
[BlackElo "2381"]
[Annotator "RC"]
[PlyCount "64"]
[EventDate "2024.01.02"]
[EventType "swiss"]
[EventCountry "ESP"]
[SourceTitle "playchess.com"]
[Source "ChessBase"]
[SourceQuality "1"]
[TimeControl "5400+30"]

1. c4 e6 2. Nf3 d5 3. e3 Nf6 4. b3 Bd6 5. Bb2 O-O 6. Nc3 Nbd7 7. Qc2 a6 8. Rg1 dxc4 9. bxc4 b5 10. cxb5 e5 11. a4 Re8 12. bxa6 e4 13. Nd4 Nc5 14. Bb5 Nd3+ 15. Bxd3 exd3 16. Qxd3 Be5 17. Ncb5 c5 18. a7 cxd4 19. f4 Bxf4 20. Qxd4 Bxh2 21. Qxd8 Rxd8 22. Rh1 Bg3+ 23. Ke2 Bg4+ 24. Kf1 Rxd2 25. Bd4 Ne4 26. Rc1 Ra2 27. Nc7 Bf2 28. g3 Nxg3+ 29. Kg2 Nxh1 30. Kxh1 Bf3+ 31. Kh2 Bxe3+ 32. Kg3 Bxc1 0-1

[Event "35th Roquetas Festival 2024"]
[Site "Roquetas de Mar"]
[Date "2024.01.04"]
[Round "5.18"]
[White "Raczek, Krzysztof"]
[Black "Navarro Martinez, Victor"]
[Result "1-0"]
[ECO "A13"]
[WhiteElo "2347"]
[BlackElo "2124"]
[Annotator "RC"]
[PlyCount "63"]
[EventDate "2024.01.02"]
[EventType "swiss"]
[EventCountry "ESP"]
[SourceTitle "playchess.com"]
[Source "ChessBase"]
[SourceQuality "1"]
[TimeControl "5400+30"]

1. c4 e6 2. Nc3 d5 3. e3 Nf6 4. Nf3 Bd6 5. b3 O-O 6. Bb2 c6 7. Rc1 Re8 8. Qc2 e5 9. cxd5 cxd5 10. Nb5 Nc6 11. Nxd6 Qxd6 12. d4 e4 13. Ne5 Bd7 14. Qd2 Rac8 15. Be2 Ne7 16. O-O a6 17. Qa5 Qe6 18. Qb4 b5 19. Qa5 Nc6 20. Nxc6 Rxc6 21. Rc5 Rxc5 22. dxc5 Qc6 23. Rc1 Bg4 24. Bf1 Nd7 25. a4 Rb8 26. axb5 axb5 27. Bd4 Be6 28. Ra1 h6 29. Qa7 Kh7 30. b4 Kg8 31. Ra6 Qc8 32. c6 1-0

[Event "35th Roquetas Festival 2024"]
[Site "Roquetas de Mar"]
[Date "2024.01.04"]
[Round "5.19"]
[White "Alba Fernandez, Nicolas"]
[Black "Garrido Diaz, Jose Antonio"]
[Result "1/2-1/2"]
[ECO "E35"]
[WhiteElo "2123"]
[BlackElo "2291"]
[Annotator "RC"]
[PlyCount "119"]
[EventDate "2024.01.02"]
[EventType "swiss"]
[EventCountry "ESP"]
[SourceTitle "playchess.com"]
[Source "ChessBase"]
[SourceQuality "1"]
[TimeControl "5400+30"]

1. d4 Nf6 2. c4 e6 3. Nc3 Bb4 4. Qc2 d5 5. cxd5 exd5 6. Bg5 h6 7. Bh4 Nc6 8. e3 g5 9. Bg3 h5 10. Bb5 h4 11. Be5 O-O 12. Nf3 Ne4 13. h3 Qe7 14. Bd3 f6 15. Bh2 f5 16. Ne5 Nxe5 17. Bxe5 c6 18. a3 Bd6 19. Bxd6 Nxd6 20. O-O-O Be6 21. f3 Qf6 22. Kb1 Rac8 23. e4 fxe4 24. fxe4 dxe4 25. Nxe4 Nxe4 26. Bxe4 Rcd8 27. Qc5 Bf5 28. Rhe1 Rd5 29. Qc2 Rfd8 30. Rf1 Bxe4 31. Qxe4 Qd6 32. Rf5 Rxf5 33. Qxf5 Kg7 34. Qxg5+ Qg6+ 35. Qxg6+ Kxg6 36. Kc2 Kf5 37. Kc3 Kf4 38. Rd3 Rg8 39. Rf3+ Ke4 40. Rf2 Rg3+ 41. Kc4 Rd3 42. Re2+ Re3 43. Rf2 Re1 44. Rf7 Rc1+ 45. Kb3 Rg1 46. Rh7 Rxg2 47. Rxh4+ Kd5 48. Rh7 b6 49. Rd7+ Ke4 50. Rxa7 Kxd4 51. Rh7 b5 52. Rd7+ Kc5 53. Rd3 Rh2 54. Kc3 b4+ 55. axb4+ Kb5 56. b3 Rh1 57. Kd4 Kxb4 58. Ke4 c5 59. Kf5 Rb1 60. Ke4 1/2-1/2

[Event "35th Roquetas Festival 2024"]
[Site "Roquetas de Mar"]
[Date "2024.01.04"]
[Round "5.20"]
[White "Bru Rullo, Llatzer"]
[Black "Torres Rebolledo, Victor"]
[Result "1-0"]
[ECO "D35"]
[WhiteElo "2278"]
[BlackElo "2124"]
[Annotator "RC"]
[PlyCount "83"]
[EventDate "2024.01.02"]
[EventType "swiss"]
[EventCountry "ESP"]
[SourceTitle "playchess.com"]
[Source "ChessBase"]
[SourceQuality "1"]
[TimeControl "5400+30"]

1. d4 Nf6 2. c4 e6 3. Nc3 d5 4. cxd5 exd5 5. Bg5 Bb4 6. e3 h6 7. Bh4 g5 8. Bg3 Ne4 9. Nge2 h5 10. h4 Bg4 11. Qb3 Nc6 12. Bh2 Qf6 13. Bg1 Bxe2 14. Bxe2 O-O-O 15. a3 Ba5 16. Bf3 Nxd4 17. exd4 Qxd4 18. Rd1 Qc5 19. Bxe4 dxe4 20. Rh3 g4 21. Re3 Rxd1+ 22. Qxd1 Rd8 23. Qc2 Bxc3+ 24. Rxc3 Qd6 25. Re3 f5 26. Re2 Qe5 27. Rd2 Re8 28. Qa4 Rd8 29. Rxd8+ Kxd8 30. Qb3 Qf4 31. Kd1 Qd6+ 32. Ke2 b6 33. Qd1 Ke7 34. Qxd6+ Kxd6 35. Bh2+ Kd7 36. Ke3 c5 37. Kf4 Ke6 38. Kg5 c4 39. Kxh5 Kf6 40. Bb8 a6 41. g3 b5 42. Bc7 1-0